cohdb
Replays
Latest Replays
All Replays
Popular Replays
Top Player Replays
Match Explorer
How It Works
Community
CoH3 Stats
Reddit
Sign in to upload your games and track your stats! →
Sign in with Steam
Match 46918386
Unlisted
Match 46918386
Overview
Messages
Build Orders
End
250 Light Carrier
Panzerpioneer Squad
Selects Panzerjäger Kommand Battlegroup
Selects Blockade Equipment
250 Light Carrier
Construct Light Support Kompanie
Combat Half-tracks
Selects GrB 39 Grenade Launcher Requisition
250 Light Carrier
Assault Grenadier Squad
Fire Support Elements
Flakvierling Half-track
Panzerjäger Mechanized Group
Construct Panzerarmee Kommand
Selects Crew Shock Tactics
Panzerjäger Squad
Selects Defensive Positions
Selects Butterfly Bomb Drop
Butterfly Bomb Drop
Panzer III L Medium Tank
Panzer III L Medium Tank
Vehicle Survival Package
Butterfly Bomb Drop
Rapid Advance
Walking Stuka Rocket Launcher
Selects Crew Shock Tactics
Crew Shock Tactics
Panzer III L Medium Tank
Armored Reserves
Butterfly Bomb Drop
Tungsten Core Ammunition
Butterfly Bomb Drop
Emergency Repair Kits
Panzer III L Medium Tank
Assault Grenadier Squad
Selects Anti-tank Overwatch
Anti-tank Overwatch
Crew Shock Tactics
Tiger Heavy Tank
Assault Grenadier Squad
Butterfly Bomb Drop
Panzerpioneer Squad
Panzer III L Medium Tank
Walking Stuka Rocket Launcher
Butterfly Bomb Drop
Butterfly Bomb Drop
Tiger Heavy Tank
Butterfly Bomb Drop
lqf0607
Herogus3xD
Tatari◑。
mec
Brick_man
SandiPon
Ray
Scrapadactyl
0
0
Comments
sign in to comment!
No comments posted yet!